 Dungeon Crawl Stone Soup version 0.30-a0-634-g8abc85282e (webtiles) character file.

Game seed: 11062165938668794083

966 Dirtsage the Changer (level 8, -5/57 HPs)
             Began as an Octopode Transmuter on Jan 14, 2023.
             Was an Initiate of Gozag.
             Slain by Prince Ribbit (8 damage)
             ... on level 7 of the Dungeon.
             The game lasted 00:08:20 (3658 turns).

Dirtsage the Changer (Octopode Transmuter)          Turns: 3658, Time: 00:08:20

Health: -5/57      AC:  8    Str: 15    XL:     8   Next: 15%
Magic:  8/11       EV: 10    Int: 18    God:    Gozag
Gold:   412        SH:  5    Dex: 12    Spells: 4/11 levels left

rFire   x . .      SeeInvis .      - Unarmed
rCold   + + +      Faith    .    (shield currently unavailable)
rNeg    . . .      Spirit   .    (helmet currently unavailable)
rPois   +          Reflect  +    o - amulet of reflection
rElec   .          Harm     .    k - +6 ring of strength
rCorr   .          Rampage  .    (no ring)
Will    .....                    (no ring)
Stlth   +                        (no ring)
HPRegen 0.29/turn                (no ring)
MPRegen 0.12/turn                (no ring)
                                 (no ring)
                                 (no ring)

@: ice-form, gold aura
A: freezing attack, boosted hp, almost no armour, amphibious, 8 rings, large,
(camouflage 1), (gelatinous body 1), (nimble swimmer 1), (tentacles), (fire
resistance 1), sense surroundings 1
a: End Transformation, Renounce Religion, Potion Petition, Call Merchant, Bribe
Branch


You were on level 7 of the Dungeon.
You worshipped Gozag.
Gozag was aware of your devotion.
You were a creature of crystalline ice.
You visited 2 branches of the dungeon, and saw 7 of its levels.

You collected 505 gold pieces.
You paid 93 gold pieces to Gozag.

Inventory:

Jewellery
 k - a +6 ring of strength (left front paw)
 o - an amulet of reflection (around neck)
Scrolls
 i - a scroll of identify
 t - a scroll of teleportation
 B - a scroll of blinking
Potions
 a - a potion of lignification
 b - a potion of mutation
 h - 2 potions of curing {unknown}
 j - a potion of resistance {unknown}
 p - a potion of might {unknown}


   Skills:
 - Level 1.0 Fighting
 - Level 2.0 Dodging
 - Level 3.0 Unarmed Combat
 - Level 2.0 Spellcasting
 * Level 6.7 Transmutations
 * Level 6.3 Ice Magic


You had 4 spell levels left.
You knew the following spells:

 Your Spells              Type           Power      Damage    Failure   Level
a - Beastly Appendage     Tmut           52%        N/A       1%          1
b - Wereblood             Tmut           26%        N/A       1%          2
c - Ice Form              Ice/Tmut       25%        N/A       12%         4

Your spell library contained the following spells:

 Spells                   Type           Power      Damage    Failure   Level
 Spider Form              Tmut/Pois      13%        N/A       14%         3
 Inner Flame              Hex/Fire       1%         N/A       47%         3
 Cause Fear               Hex            0%         N/A       87%         4
 Discord                  Hex            0%         N/A       100%        8


Dungeon Overview and Level Annotations

Branches:
Dungeon (7/15)             Temple (1/1) D:4

Altars:
Ashenzari
Cheibriados
Dithmenos
Elyvilon
Fedhas
Gozag
Hepliaklqana
Kikubaaqudgha
Makhleb
Nemelex Xobeh
Qazlal
Ru
Sif Muna
Trog
Uskayaw
Vehumet
Zin
The Shining One

Shops:
D:1 :

Portals:
Abyss: D:4

Annotations:
D:4 2 transporters, zurenarrh's ghost, novice DrAE
D:7 1 runed translucent door, Prince Ribbit


Innate Abilities, Weirdness & Mutations

You are a creature of crystalline ice.
You have a powerful freezing melee attack.
Your maximum health is increased.
Your armour is entirely melded.
You are incapable of wielding weapons or throwing items.
You cannot wear most types of armour.
You are amphibious.
You can wear up to eight rings at the same time.
((Your skin changes colour to match your surroundings (Stealth+).))
((Your rubbery body absorbs attacks. (AC +1, EV +1)))
((You are camouflaged when in or above water. (Stealth+)))
((You have tentacles for arms and can constrict up to eight enemies at once.))
((Your flesh is heat resistant. (rF+)))
You passively map a small area around you.


Message History

You regained 6 hp, and now have 44/57 hp.
You now have 7/11 mp.
Prince Ribbit hits you!
You take 7 damage, and have 37/57 hp.
You closely miss Prince Ribbit. Prince Ribbit hits you!
You take 16 damage, and have 21/57 hp.
MASSIVE DAMAGE!!
You hit Prince Ribbit but do no damage.
Prince Ribbit hits you but does no damage.
You closely miss Prince Ribbit. Prince Ribbit hits you!
* * * LOW HITPOINT WARNING * * *
You take 9 damage, and have 13/57 hp.
You punch Prince Ribbit!
Prince Ribbit seems to slow down.
You freeze Prince Ribbit!
Prince Ribbit is heavily wounded.
Prince Ribbit blinks!
The centaur shoots an arrow.
The arrow barely misses you.
The centaur unwields a +0 shortbow.
The centaur closely misses you. The centaur completely misses you.
You punch the centaur! You freeze the centaur.
The centaur is heavily wounded.
Prince Ribbit is no longer moving slowly.
The centaur hits you but does no damage.
The centaur closely misses you.
Prince Ribbit lets out a mournful croak.
The centaur hits you but does no damage.
The centaur kicks you but does no damage.
You hit the centaur. You freeze the centaur.
The centaur is almost dead.
The centaur closely misses you. The centaur kicks you.
* * * LOW HITPOINT WARNING * * *
You take 1 damage, and have 13/57 hp.
You barely miss the centaur.
The centaur is almost dead.
The centaur barely misses you. x2; Prince Ribbit hits you!
* * * LOW HITPOINT WARNING * * *
You take 11 damage, and have 2/57 hp.
You punch the centaur! You freeze the centaur.
You kill the centaur!
Prince Ribbit hits you!
You die...
Your body crumbles into a pile of gold.

,,
...........................
*
...........................
,
...........................
................##.........
.............##............
.............##.....###....
#............##...... ....
,..........>F..........
....
......####Y##.......... ...
...... #'###......... ,
...... #..............
..... #......... , .....
#......... , , , ,*
#......... ,, , *
#.....)... , , .......... ,
, ##...!.... ,


You could see Prince Ribbit.

Vanquished Creatures
  Grinder (D:3)
  A sky beast (D:7)
  A centaur (D:7)
  3 scorpions
  A necrophage (D:4)
  A jelly (D:4)
  2 hounds
  2 iguanas (D:7)
  An orc wizard (D:7)
  10 gnolls (D:4)
  7 adders
  A white imp (D:4)
  An ufetubus (D:4)
  A worm (D:2)
  3 dart slugs (D:2)
  8 orcs
  7 bats
  7 endoplasms
  3 giant cockroaches
  5 goblins
  7 hobgoblins
  6 jackals
  9 quokkas
  12 ball pythons
  6 frilled lizards
  2 kobolds (D:2)
  2 rats (D:2)
110 creatures vanquished.

Vanquished Creatures (others)
  2 fungi (D:4)
  3 plants (D:1)
5 creatures vanquished.

Grand Total: 115 creatures vanquished

Notes
Turn   | Place    | Note
-------+----------+-------------------------------------------
     0 | D:1      | Dirtsage the Octopode Transmuter began the quest for the
                  | Orb.
     0 | D:1      | Reached XP level 1. HP: 13/13 MP: 3/3
    88 | D:1      | Found Borch's Book Shoppe.
   102 | D:1      | Reached skill level 1 in Ice Magic
   102 | D:1      | Reached XP level 2. HP: 15/18 MP: 3/5
   105 | D:1      | Learned a level 2 spell: Wereblood
   466 | D:1      | Reached XP level 3. HP: 20/23 MP: 6/6
   510 | D:1      | Found a faded altar of an unknown god.
   821 | D:2      | Reached XP level 4. HP: 24/28 MP: 5/7
  1278 | D:2      | Identified the +1 scale mail of Pantheism {rPois rF+ MP-9
                  | Dex+7}
  1674 | D:3      | Learned a level 4 spell: Ice Form
  1675 | D:3      | Noticed Grinder
  1772 | D:3      | Killed Grinder
  1773 | D:3      | Reached XP level 5. HP: 25/33 MP: 4/8
  1773 | D:3      | Reached XP level 6. HP: 29/38 MP: 4/9
  2366 | D:3      | Gained mutation: Your flesh is heat resistant. (rF+)
                  | [potion of mutation]
  2366 | D:3      | Gained mutation: You passively map a small area around you.
                  | [potion of mutation]
  2395 | D:4      | Reached skill level 5 in Transmutations
  2608 | D:4      | Reached XP level 7. HP: 43/43 MP: 5/10
  2655 | D:4      | Found a transporter.
  2665 | D:4      | Noticed a toenail golem
  2673 | D:4      | Found a one-way gate to the infinite horrors of the Abyss.
  2673 | D:4      | Noticed zurenarrh's ghost (novice DrAE)
  2752 | D:4      | Found a staircase to the Ecumenical Temple.
  2768 | D:4      | Reached skill level 5 in Ice Magic
  2775 | Temple   | Entered the Ecumenical Temple
  2775 | Temple   | Found a transporter.
  2775 | Temple   | Found a transporter.
  2777 | Temple   | Found a transporter.
  2777 | Temple   | Found a transporter.
  2816 | Temple   | Became a worshipper of Gozag Ym Sagoz the Greedy
  3156 | D:4      | Found a transporter.
  3194 | D:5      | Entered Level 5 of the Dungeon
  3260 | D:5      | Found a burning altar of Makhleb.
  3264 | D:5      | Found a sacrificial altar of Ru.
  3265 | D:5      | Found a glowing silver altar of Zin.
  3265 | D:5      | Found an ancient bone altar of Kikubaaqudgha.
  3265 | D:5      | Found a shadowy altar of Dithmenos.
  3267 | D:5      | Found a shimmering blue altar of Sif Muna.
  3272 | D:5      | Found a bloodstained altar of Trog.
  3272 | D:5      | Found a glowing golden altar of the Shining One.
  3273 | D:5      | Found a sparkling altar of Nemelex Xobeh.
  3277 | D:5      | Found a hazy altar of Hepliaklqana.
  3277 | D:5      | Found a broken altar of Ashenzari.
  3371 | D:5      | You fall into a shaft and drop 2 floors!
  3399 | D:7      | Found a runed translucent door.
  3547 | D:7      | Reached XP level 8. HP: 48/48 MP: 7/11
  3642 | D:7      | Noticed Prince Ribbit
  3657 | D:7      | HP: 2/57 [Prince Ribbit (11)]
  3658 | D:7      | Slain by Prince Ribbit

Illustrated notes

Levels and vault maps discovered:
D:1:      dpeg_arrival_rooms_with_view, layout_basic, serial_shops,
          nicolae_shop_crystal, dilly_ecumenical_altar_fadedgnrine
D:2:      minmay_skewed_foursquare, layout_loops_ring, mrwooster_statue_mirror,
          st_stairs_4, nrook_uturn
D:3:      layout_basic, hangedman_decor_clover_reticule, uniq_grinder
D:4:      layout_rooms, minmay_temple_entry_tees,
          gammafunk_ghost_abyssal_escape, dreamdust_mushroom_princess
D:5:      layout_cave_pods, nicolae_overflows_in_rows, minmay_misc_feat_pillars,
          minmay_between, uniq_ijyb, uniq_menkaure
D:7:      layout_basic, pdpol_wu_jian_five_deadly_venoms,
          okawaru_altar_gauntlet_db, ebering_ghost_reflecting_pool,
          serial_shops, shop, uniq_duvessa, uniq_prince_ribbit1
Temple:   hellmonk_temple_divided_pantheon

Skill      XL: |  1  2  3  4  5  6  7 |
---------------+----------------------+-----
Ice Magic      | 1 2 4 6 |  6.3
Transmutations | 3 4 5 6 |  6.7
Fighting       | |  1.0
Dodging        | |  2.0
Unarmed Combat | |  3.0
Spellcasting   | |  2.0

Action                   |  1- 3 |  4- 6 |  7- 9 || total
-------------------------+-------+-------+-------++-------
Melee: Unarmed           |    77 |    99 |    86 ||   262
       Constrict         |    18 |    20 |     2 ||    40
       Tentacles         |    12 |    12 |     1 ||    25
       Kick              |    11 |     7 |       ||    18
       Punch             |     1 |       |       ||     1
 Cast: Beastly Appendage |     8 |     7 |     1 ||    16
       Wereblood         |     1 |     3 |     6 ||    10
       Ice Form          |       |     5 |    10 ||    15
  Use: Scroll            |       |    10 |       ||    10
       Potion            |       |     1 |       ||     1
 Stab: Sleeping          |     5 |    10 |       ||    15
Armor: Skin              |     8 |     9 |    24 ||    41
Dodge: Dodged            |    51 |    46 |    35 ||   132
Block: Other             |       |     6 |    11 ||    17

Table legend: (Time is in decaauts)
 A = Elapsed time spent in this place.
 B = Non-inter-level travel time spent in this place.
 C = Inter-level travel time spent in this place.
 D = Time resting spent in this place.
 E = Time spent auto-exploring this place.
 F = Levels seen in this place.
 G = Mean time per level.
                   A        B        C        D        E       F      G
               +--------+--------+--------+--------+--------+-----+--------+
         Total |   3642 |   3569 |     73 |     79 |   2643 |   7 |  520.3 |
       Dungeon |   3583 |   3525 |     58 |     79 |   2643 |   6 |  597.2 |
        Temple |     58 |     43 |     15 |      0 |      0 |   1 |   58.0 |
               +--------+--------+--------+--------+--------+-----+--------+

Top non-repeatable levels by time:
     D:2: 1060 daAuts
     D:4: 749 daAuts
     D:1: 668 daAuts
     D:3: 644 daAuts
     D:7: 285 daAuts
     D:5: 175 daAuts
  Temple: 58 daAuts
